 Dungeon Crawl Stone Soup version 0.31-a0-1074-g0b22e4e0f1 (webtiles) character file.

Game seed: 10248129013757476557

6 cowhearter the Poker (level 1, 0/16 HPs)
             Began as a Merfolk Gladiator on Dec 3, 2023.
             Slain by a goblin
             ... wielding a +1 dagger of venom
              (1 damage)
             ... on level 1 of the Dungeon.
             The game lasted 00:00:56 (148 turns).

cowhearter the Poker (Merfolk Gladiator)             Turns: 148, Time: 00:00:57

Health: 0/16       AC:  4    Str: 14    XL:     1   Next: 90%
Magic:  1/1        EV: 13    Int:  7    God:
Gold:   26         SH:  0    Dex: 15    Spells: 0/0 levels left

rFire   . . .        a - +0 trident
rCold   . . .        (no shield)
rNeg    . . .        b - +0 leather armour
rPois   .            c - +0 helmet
rElec   .            (no cloak)
rCorr   .            (no gloves)
SInv    .            (no boots)
Will    .....        (no amulet)
Stlth   +            (no ring)
HPRegen 0.22/turn    (no ring)
MPRegen 0.07/turn

%: no passive effects
@: lethally poisoned (0 -> -4)
A: (nimble swimmer 2), mertail
a: no special abilities


You were on level 1 of the Dungeon.
You visited 1 branch of the dungeon, and saw 1 of its levels.

You collected 26 gold pieces.

Inventory:

Hand Weapons
 a - a +0 trident (weapon)
Missiles
 d - 3 throwing nets (quivered)
 e - a javelin
 f - 6 poisoned darts
Armour
 b - a +0 leather armour (worn)
 c - a +0 helmet (worn)
Scrolls
 g - a scroll of fog {unknown}
 h - a scroll of amnesia {unknown}
 i - a scroll of identify {unknown}


   Skills:
 + Level 2.2 Fighting
 * Level 4.4 Polearms
 + Level 2.0 Throwing
 + Level 4.2 Dodging


You couldn't memorise any spells.
You didn't know any spells.
Your spell library was empty.

Dungeon Overview and Level Annotations

Branches:
Dungeon (1/15)

Altars:


Innate Abilities, Weirdness & Mutations

((You are very nimble when in or above water. (Stealth+, EV+, Speed+++)))
Your lower body shifts to a powerful aquatic tail in water.


Message History

You hit the jackal. Your punch misses the jackal.
The jackal is heavily wounded.
The jackal bites you but does no damage.
The jackal bites you.
You hit the jackal.
You kill the jackal!
A goblin comes into view. It is wielding a +1 dagger of venom.
The jackal bites you but does no damage.
You closely miss the jackal. The jackal misses you.
The jackal barely misses you.
The jackal bites you but does no damage. x2
You closely miss the jackal. The jackal misses you.
The jackal closely misses you.
You hit the jackal.
The jackal is almost dead.
The jackal bites you. The jackal closely misses you. The jackal misses you.
You puncture the jackal!
You kill the jackal!
The jackal barely misses you.
You barely miss the jackal. The jackal closely misses you.
The jackal bites you but does no damage.
You miss the jackal. The jackal barely misses you.
The goblin hits you with a +1 dagger of venom.
You are lethally poisoned!
You barely miss the goblin.
You feel very sick.
The jackal bites you but does no damage.
The goblin barely misses you.
You hit the goblin but do no damage.
You feel sick. The jackal closely misses you. The jackal barely misses you.
The goblin barely misses you.
You barely miss the goblin.
* * * LOW HITPOINT WARNING * * *
You feel sick. The jackal closely misses you. The goblin barely misses you.
The jackal bites you but does no damage.
You closely miss the goblin.
* * * LOW HITPOINT WARNING * * *
You feel sick.
The goblin hits you with a +1 dagger of venom.
You die...

......?...
..........
#........##
..........#
..........#
..........#
..........#
......h...##
#.....g@...#
#####
##......##.#
.......
...####.##.##
....... ..
#.....# #.......
. ###.#.#
##.......
#...####.......#
###...##.......#
##........##
..#.#....#..###


You could see a jackal and a goblin.

Vanquished Creatures
  2 jackals (D:1)
  A quokka (D:1)
  2 bats (D:1)
  A rat (D:1)
6 creatures vanquished.

Notes
Turn   | Place    | Note
-------+----------+-------------------------------------------
     0 | D:1      | cowhearter the Merfolk Gladiator began the quest for the
                  | Orb.
     0 | D:1      | Reached XP level 1. HP: 16/16 MP: 1/1
   148 | D:1      | Slain by a goblin

Illustrated notes

Levels and vault maps discovered:
D:1:      moated_graveyard_arrival, layout_rooms, ebering_dispersal_statue_hall

Action                     || total
---------------------------++-------
  Melee: Trident           ||    29
 Armour: Leather armour    ||    15
  Dodge: Dodged            ||    26

Table legend: (Time is in decaauts)
 A = Elapsed time spent in this place.
 B = Non-inter-level travel time spent in this place.
 C = Inter-level travel time spent in this place.
 D = Time resting spent in this place.
 E = Time spent auto-exploring this place.
 F = Levels seen in this place.
 G = Mean time per level.
                   A        B        C        D        E       F      G
               +--------+--------+--------+--------+--------+-----+--------+
         Total |    147 |    147 |      0 |      0 |     89 |   1 |  147.0 |
       Dungeon |    147 |    147 |      0 |      0 |     89 |   1 |  147.0 |
               +--------+--------+--------+--------+--------+-----+--------+

Top non-repeatable levels by time:
     D:1: 147 daAuts
